 Dungeon Crawl Stone Soup version 0.31-a0-986-g5e6e4ef867 (webtiles) character file.

Game seed: 12026735270106764240

520 Curundu the Slasher (level 7, -12/90 HPs)
             Began as a Pale Draconian Berserker on Nov 9, 2023.
             Was a Priest of Trog.
             Mangled by an ogre
             ... wielding a +0 giant club
              (15 damage)
             ... on level 4 of the Dungeon.
             The game lasted 00:31:00 (4019 turns).

Curundu the Slasher (Pale Draconian Berserker)      Turns: 4019, Time: 00:31:01

Health: -12/90     AC:  8    Str: 19    XL:     7   Next: 1%
Magic:  16/16      EV: 10    Int:  8    God:    Trog [***...]
Gold:   155        SH:  0    Dex: 14    Spells: 6/6 levels left

rFire   . . .        a - +0 falchion
rCold   . . .        (no shield)
rNeg    + . .        (body armour unavailable)
rPois   .            (helmet restricted)
rElec   .            g - +0 cloak
rCorr   .            b - +0 pair of gloves
SInv    +            (no boots)
Will    .....        (no amulet) Stlth
                     k - ring of see invisible
HPRegen 0.35/turn    p - ring of Juadesk {*Corrode rN+ MP+9 Dex+2}
MPRegen 0.15/turn

%: corrode self (3%)
@: berserking, hasted, constricted, very quick
A: breathe steam, AC +6, unfitting armour, cold-blooded, steam resistance,
antennae 1
a: Breathe Steam, Renounce Religion, Berserk, Trog's Hand


You were on level 4 of the Dungeon.
You worshipped Trog.
Trog was most pleased with you.
You visited 1 branch of the dungeon, and saw 4 of its levels.

You collected 155 gold pieces.

Inventory:

Hand Weapons
 a - a +0 falchion (weapon)
Armour
 b - a +0 pair of gloves (worn)
 g - a +0 cloak (worn)
Magical Staves
 c - a staff of cold
Jewellery
 k - a ring of see invisible (left hand)
 n - a ring of protection from cold
 p - the ring of Juadesk (right hand) {*Corrode rN+ MP+9 Dex+2}
   (You found it on level 2 of the Dungeon)

   [ring of magical power]

   Dex+2:     It affects your dexterity (+2).
   rN+:       It protects you from negative energy.
   MP+9:      It affects your magic capacity (+9).
   *Corrode:  It may corrode you when you take damage.
 u - a ring of magical power
Scrolls
 d - a scroll of enchant armour {unknown}
 e - a scroll of amnesia {unknown}
 f - 2 scrolls of noise {unknown}
 h - 3 scrolls of teleportation {unknown}
 i - 3 scrolls of identify {unknown}
 l - a scroll of immolation {unknown}
 m - a scroll of vulnerability {unknown}
 r - a scroll of fog {unknown}
 v - a scroll of blinking {unknown}
Potions
 o - a potion of curing
 q - a potion of degeneration {unknown}
 t - a potion of heal wounds {unknown}


   Skills:
 + Level 4.8 Fighting
 + Level 6.0 Long Blades
 + Level 4.2 Dodging
 + Level 1.5 Stealth


You had 6 spell levels left.
You didn't know any spells.
Your spell library contained the following spells:

 Spells                   Type           Power      Damage    Failure   Level
 Animate Dead             Necr           0%         N/A       99%         4
 Summon Ice Beast         Ice/Summ       0%         N/A       99%         4
 Borgnjor's Vile Clutch   Necr/Erth      0%         N/A       100%        5
 Summon Mana Viper        Hex/Summ       0%         N/A       100%        5
 Death Channel            Necr           0%         N/A       100%        6
 Monstrous Menagerie      Summ           0%         N/A       100%        7


Dungeon Overview and Level Annotations

Branches:
Dungeon (4/15)
 Temple: D:4-7

Altars:
Gozag
Hepliaklqana
Nemelex Xobeh


Innate Abilities, Weirdness & Mutations

You can breathe blasts of scalding, opaque steam.
Your pale cyan-grey scales are hard. (AC +6)
You cannot fit into any form of body armour.
You are cold-blooded and may be slowed by cold attacks.
You are immune to the effects of steam.
You have a pair of small antennae on your head.


Message History

You hit the ogre.
The ogre is lightly wounded.
The ball python barely misses you. The ball python constricts you.
The adder bites you but does no damage. The ogre closely misses you.
You barely miss the ogre. You tail-slap the ogre. You punch the ogre.
The ogre is moderately wounded.
The ball python bites you.
* * * LOW HITPOINT WARNING * * *
The ball python constricts you. The adder barely misses you.
The ball python bites you.
* * * LOW HITPOINT WARNING * * *
The ball python constricts you.
* * * LOW HITPOINT WARNING * * *
It was a potion of haste.
You feel yourself speed up. The adder closely misses you.
The ogre hits you with a +0 giant club.
* * * LOW HITPOINT WARNING * * *
The ball python bites you but does no damage.
The ball python constricts you. The adder barely misses you.
It was a potion of curing.
You feel better. The ball python bites you.
* * * LOW HITPOINT WARNING * * *
The ball python constricts you. The ogre hits you with a +0 giant club!
* * * LOW HITPOINT WARNING * * *
It was a potion of berserk rage.
A red film seems to cover your vision as you go berserk!
You feel yourself moving faster!
You feel mighty! The adder bites you but does no damage.
The ball python barely misses you. The ball python constricts you.
You hit the adder.
You kill the adder!
Trog accepts your kill.
You have reached level 7!
Your scales start taking on a pale cyan-grey colour.
You learn Fire Magic quicker.
You learn Air Magic quicker.
You learn Evocations quicker.
You can breathe blasts of scalding, opaque steam.
You are now immune to the effects of steam.
You hit the ogre. You tail-slap the ogre.
The ogre is heavily wounded.
The ogre hits you with a +0 giant club!
You die...

##### ##...# #....##
...#..# ..##.## ..#...#
......###### ### .#
.......#...####S###...#
..###..........O@†....#
.#####..####.####.......
...##...# ..|.. .......
........#.......#.......
##......#.......#(......
.#.........._...........
........#.O.S...#......#
........#.......#...#...
##......#


You could see an ogre and a ball python.

Vanquished Creatures
  Sigmund (D:2)
  A scorpion (D:4)
  Natasha (thrice) (D:3)
  An iguana (D:4)
  Terence (D:2)
  Robin (D:3)
  3 gnolls (D:3)
  5 adders
  2 worms
  3 dart slugs
  An orc (D:3)
  9 ball pythons
  4 bats
  2 endoplasms
  9 goblins
  7 hobgoblins
  4 jackals (D:1)
  7 quokkas
  2 frilled lizards
  8 kobolds
  4 rats
78 creatures vanquished.

Notes
Turn   | Place    | Note
-------+----------+-------------------------------------------
     0 | D:1      | Curundu the Draconian Berserker began the quest for the
                  | Orb.
     0 | D:1      | Reached XP level 1. HP: 19/19 MP: 1/1
   321 | D:1      | Reached XP level 2. HP: 26/26 MP: 2/2
   562 | D:1      | Reached ** piety under Trog
   588 | D:1      | Reached XP level 3. HP: 33/33 MP: 3/3
   623 | D:1      | You fall into a shaft and drop 1 floor!
   820 | D:2      | Found a faded altar of an unknown god.
  1402 | D:2      | Noticed Sigmund
  1423 | D:2      | Killed Sigmund
  1424 | D:2      | Reached skill level 5 in Long Blades
  1424 | D:2      | Reached XP level 4. HP: 21/41 MP: 4/4
  1424 | D:2      | Reached XP level 5. HP: 24/47 MP: 5/5
  1801 | D:2      | Noticed Terence
  1829 | D:2      | Killed Terence
  1918 | D:2      | Identified the ring of Juadesk {*Corrode rN+ MP+9 Dex+2}
  2278 | D:3      | Noticed Natasha
  2283 | D:3      | Killed Natasha
  2284 | D:3      | Reached XP level 6. HP: 48/53 MP: 6/6
  2461 | D:3      | Noticed Natasha
  2477 | D:3      | Killed Natasha
  2531 | D:3      | Noticed Natasha
  2561 | D:3      | Killed Natasha
  2562 | D:3      | Reached skill level 1 in Stealth
  2988 | D:3      | Noticed Robin
  3009 | D:3      | Killed Robin
  3148 | D:3      | Reached *** piety under Trog
  3633 | D:3      | Found a sparkling altar of Nemelex Xobeh.
  3740 | D:4      | Gained mutation: You have a pair of small antennae on your
                  | head. [potion of mutation]
  3748 | D:4      | Reached skill level 6 in Long Blades
  3913 | D:4      | Found an opulent altar of Gozag.
  3995 | D:4      | Found a hazy altar of Hepliaklqana.
  4016 | D:4      | HP: 1/53 [ogre/+0 giant club (14)]
  4019 | D:4      | Your scales start taking on a pale cyan-grey colour.
  4019 | D:4      | Reached XP level 7. HP: 2/60 MP: 7/7
  4019 | D:4      | Gained mutation: You are immune to the effects of steam.
                  | [Pale Draconian growth]
  4019 | D:4      | Mangled by an ogre

Illustrated notes

Levels and vault maps discovered:
D:1:      lemuel_arrival_muddy, layout_rooms
D:2:      layout_basic, shapermc_ecumenical_altar_pompeii, uniq_terence,
          uniq_sigmund
D:3:      layout_loops_ring, nemelex_dance_club_becter, minmay_misc_feat_tiny,
          uniq_natasha, uniq_robin
D:4:      layout_cave_pools, old_standard_altar,
          mainiacjoe_overflow_cross_hatched, serial_glass, glass_columns_a,
          glass_columns_c, grunt_decor_clamped

Skill      XL: |  1  2  3  4  5  6 |
---------------+-------------------+-----
Dodging        | 3 4 |  4.2
Fighting       | 4 |  4.8
Long Blades    | 5 6 |  6.0
Stealth        | 1 |  1.5

Action                     |  1- 3 |  4- 6 |  7- 9 || total
---------------------------+-------+-------+-------++-------
  Melee: Falchion          |   213 |   183 |     1 ||   397
         Tailslap          |    44 |    17 |     1 ||    62
         Punch             |     6 |     5 |       ||    11
    Use: Potion            |       |     4 |       ||     4
         Scroll            |       |     2 |       ||     2
   Stab: Sleeping          |     1 |     2 |       ||     3
 Armour: Skin              |    69 |   131 |     1 ||   201
  Dodge: Dodged            |    86 |   137 |       ||   223

Table legend: (Time is in decaauts)
 A = Elapsed time spent in this place.
 B = Non-inter-level travel time spent in this place.
 C = Inter-level travel time spent in this place.
 D = Time resting spent in this place.
 E = Time spent auto-exploring this place.
 F = Levels seen in this place.
 G = Mean time per level.
                   A        B        C        D        E       F      G
               +--------+--------+--------+--------+--------+-----+--------+
         Total |   4053 |   3993 |     60 |    759 |      0 |   4 | 1013.2 |
       Dungeon |   4053 |   3993 |     60 |    759 |      0 |   4 | 1013.2 |
               +--------+--------+--------+--------+--------+-----+--------+

Top non-repeatable levels by time:
     D:3: 1420 daAuts
     D:2: 1380 daAuts
     D:1: 925 daAuts
     D:4: 328 daAuts
